 Dungeon Crawl Stone Soup version 0.31-a0-851-g7ff8af7976 (webtiles) character file.

Game seed: 13041286170972445097

58 Flugkiller the Shooter (level 4, 0/25 HPs)
             Began as a Tengu Hunter on Oct 6, 2023.
             Slain by Natasha (1 damage)
             ... on level 2 of the Dungeon.
             The game lasted 00:01:51 (1056 turns).

Flugkiller the Shooter (Tengu Hunter)               Turns: 1056, Time: 00:01:51

Health: 0/25       AC:  3    Str: 11    XL:     4   Next: 2%
Magic:  5/5        EV: 13    Int: 10    God:
Gold:   105        SH:  0    Dex: 19    Spells: 3/3 levels left

rFire   . . .        a - +0 shortbow
rCold   . . .        (shield currently unavailable)
rNeg    . . .        c - +0 leather armour
rPois   .            (helmet restricted)
rElec   .            (no cloak)
rCorr   .            (no gloves)
SInv    .            (boots unavailable)
Will    .....        (no amulet)
Stlth   ++           (no ring)
HPRegen 0.24/turn    (no ring)
MPRegen 0.09/turn

%: acrobat
@: slowed, very slow
A: beak, talons 3, acrobatic, frail 1, devolution 1
a: no special abilities


You were on level 2 of the Dungeon.
You visited 1 branch of the dungeon, and saw 2 of its levels.

You collected 105 gold pieces.

Inventory:

Hand Weapons
 a - a +0 shortbow (weapon)
Armour
 c - a +0 leather armour (worn)
Talismans
 g - a granite talisman
   (You found it on level 1 of the Dungeon)
Scrolls
 b - a scroll of butterflies
 e - a scroll of vulnerability {unknown}
 f - a scroll of revelation {unknown}
 h - 2 scrolls of identify {unknown}
 i - a scroll of amnesia {unknown}
 k - a scroll of blinking {unknown}
Potions
 d - a potion of mutation
 j - a potion of heal wounds {unknown}


   Skills:
 - Level 3.0 Fighting
 - Level 4.3 Ranged Weapons
 + Level 3.8 Dodging
 - Level 1.0 Stealth


You had 3 spell levels left.
You didn't know any spells.
Your spell library was empty.

Dungeon Overview and Level Annotations

Branches:
Dungeon (2/15) Zot: 10922

Altars:

Annotations:
D:2 Natasha


Innate Abilities, Weirdness & Mutations

You have a beak for a mouth.
You have claws for feet.
You can magically evade attacks while moving or waiting.
You are frail. (-10% HP)
You have hidden genetic defects.


Message History

A frilled lizard comes into view.
A frilled lizard is nearby!
You shoot an arrow. The arrow hits the frilled lizard.
You kill the frilled lizard!
No target in view!
No target in view!
A quokka comes into view.
A quokka is nearby!
A quokka is nearby!
You shoot an arrow.
The arrow hits the quokka but does no damage.
You hear an angry hiss.
A ball python comes into view.
You shoot an arrow. The arrow hits the ball python.
You kill the ball python!
You shoot an arrow. The arrow closely misses the quokka.
You shoot an arrow. The arrow hits the quokka!
You kill the quokka!
No target in view!
Natasha and a hobgoblin come into view.
There are monsters nearby!
There are monsters nearby!
You shoot an arrow. The arrow hits Natasha.
Natasha is heavily wounded.
Natasha stares at you and mumbles some strange words.
You resist with significant effort. Natasha casts a spell at you.
The magic dart hits you!
You shoot an arrow. The arrow closely misses Natasha.
Natasha mumbles some strange words.
You shoot an arrow. The arrow hits Natasha!
Natasha is almost dead.
You shoot an arrow. The arrow hits Natasha.
You kill Natasha!
Natasha screams in pain as she dies!
The cerulean imp disappears in a puff of smoke!
Training target 3.0 for Fighting reached!
Your Fighting skill increases to level 3!
You need to enable at least one skill for training.
You have reached level 4!
You feel clever.
You start resting.
Natasha, Servant of Life and Death comes into view.
She is carrying a wand of flame.
You shoot an arrow.
Natasha hisses angrily.
The arrow hits Natasha.
Natasha is lightly wounded.
Natasha zaps a wand.
The puff of flame hits you!
You are too injured to fight recklessly!
Fire: a) +0 shortbow
Press: ? - help, Q - select action Shift-Dir - straight line, f/p - Natasha
Aim: Natasha, carrying a wand of flame (lightly wounded, 58% to hit)
You shoot an arrow. The arrow hits Natasha.
Natasha is moderately wounded.
Fire: a) +0 shortbow
Press: ? - help, Q - select action Shift-Dir - straight line, f/p - Natasha
Aim: Natasha, carrying a wand of flame (moderately wounded, 58% to hit)
You shoot an arrow. The arrow barely misses Natasha.
Natasha stares at you and mumbles some strange words.
You feel yourself slow down.
Fire: a) +0 shortbow
Press: ? - help, Q - select action Shift-Dir - straight line, f/p - Natasha
Aim: Natasha, carrying a wand of flame (moderately wounded, 58% to hit)
You shoot an arrow. The arrow hits Natasha.
Natasha is heavily wounded.
Natasha stares at you and mumbles some strange words.
The magic dart hits you.
It was a potion of mutation.
You feel extremely strange.
You feel a hidden malignance growing inside you.
You feel frail.
Okay, then.
Fire: a) +0 shortbow
Press: ? - help, Q - select action Shift-Dir - straight line, f/p - Natasha
Aim: Natasha, carrying a wand of flame (heavily wounded, 58% to hit)
You shoot an arrow.
The arrow hits Natasha but does no damage.
Natasha is heavily wounded.
Natasha wildly gestures.
You feel troubled. Natasha claws you.
Fire: a) +0 shortbow
Press: ? - help, Q - select action Shift-Dir - straight line, f/p - Natasha
Aim: Natasha, carrying a wand of flame (heavily wounded, 58% to hit)
You shoot an arrow.
The arrow hits Natasha but does no damage.
Natasha is heavily wounded.
Natasha zaps a wand.
The puff of flame hits you!
* * * LOW HITPOINT WARNING * * *
Natasha mumbles some strange words.
Fire: a) +0 shortbow
Press: ? - help, Q - select action Shift-Dir - straight line, f/p - Natasha
Aim: Natasha, carrying a wand of flame (heavily wounded, 58% to hit)
You shoot an arrow.
The arrow hits Natasha but does no damage.
Natasha is heavily wounded.
Natasha claws you.
* * * LOW HITPOINT WARNING * * *
The cerulean imp barely misses you. Natasha claws you.
You die...
Natasha begins licking her fur clean.

.. ####.........♣...♣...#...
..###### #.....#..♣♣♣.♣♣♣..#...
.......########..#...♣...♣.#.####
. #.#.................###..#.#
.##.[..#########........##.#.#
............##....#####.##...#
...§§†............# #.####.#
....###.#..>......## #.# #.###
.##.###.........@..####.# #...#
......##......5.h#.##...# #.#.#
........#........#....### ##.#.#
.....##..........##....## #....#
.....###................###>.###
.....# #............#.#)......#
.................####.#...###.##
.......##..................##..#
.............###..###..w.....J.#


You could see Natasha and a cerulean imp (summoned).

Vanquished Creatures
  Natasha (D:2)
  An adder (D:2)
  A worm (D:2)
  A bat (D:2)
  An endoplasm (D:1)
  A giant cockroach (D:2)
  A goblin (D:1)
  2 hobgoblins (D:2)
  3 kobolds
  2 quokkas
  2 ball pythons
  4 frilled lizards
  3 rats
23 creatures vanquished.

Notes
Turn   | Place    | Note
-------+----------+-------------------------------------------
     0 | D:1      | Flugkiller the Tengu Hunter began the quest for the Orb.
     0 | D:1      | Reached XP level 1. HP: 12/12 MP: 2/2
   193 | D:1      | Reached XP level 2. HP: 17/17 MP: 3/3
   893 | D:2      | Reached XP level 3. HP: 22/22 MP: 4/4
  1027 | D:2      | Noticed Natasha
  1039 | D:2      | Killed Natasha
  1040 | D:2      | Reached XP level 4. HP: 20/28 MP: 5/5
  1048 | D:2      | Noticed Natasha
  1053 | D:2      | Gained mutation: You have hidden genetic defects. [potion
                  | of mutation]
  1053 | D:2      | Gained mutation: You are frail. (-10% HP) [potion of
                  | mutation]
  1056 | D:2      | HP: 1/25 [Natasha (2)]
  1056 | D:2      | Slain by Natasha

Illustrated notes

Levels and vault maps discovered:
D:1:      wander_arrival_fairy_ring, layout_basic,
          wander_ebering_terrifying_dragon_lair
D:2:      layout_rooms, kennysheep_doodads, uniq_natasha

Skill      XL: |  1  2  3 |
---------------+----------+-----
Dodging        | 3 |  3.8
Fighting       | 3 |  3.0
Ranged Weapons | |  4.3
Stealth        | |  1.0

Action                     |  1- 3 |  4- 6 || total
---------------------------+-------+-------++-------
   Fire: Shortbow          |    73 |     7 ||    80
    Use: Potion            |       |     1 ||     1
 Armour: Leather armour    |     5 |     6 ||    11
  Dodge: Dodged            |    16 |     1 ||    17

Table legend: (Time is in decaauts)
 A = Elapsed time spent in this place.
 B = Non-inter-level travel time spent in this place.
 C = Inter-level travel time spent in this place.
 D = Time resting spent in this place.
 E = Time spent auto-exploring this place.
 F = Levels seen in this place.
 G = Mean time per level.
                   A        B        C        D        E       F      G
               +--------+--------+--------+--------+--------+-----+--------+
         Total |   1076 |   1026 |     50 |     40 |    748 |   2 |  538.0 |
       Dungeon |   1076 |   1026 |     50 |     40 |    748 |   2 |  538.0 |
               +--------+--------+--------+--------+--------+-----+--------+

Top non-repeatable levels by time:
     D:1: 718 daAuts
     D:2: 357 daAuts
